 Dungeon Crawl Stone Soup version 0.30-a0-986-g7f2e898f52 (webtiles) character file.

Game seed: 15997551268783066713

10545 Monkooky the Zephyrmancer (level 11, -14/50 HPs)
             Began as a Felid Air Elementalist on Apr 1, 2023.
             Was an Elder of Vehumet.
             Demolished by a blink frog (16 damage)
             ... on level 3 of the Lair of Beasts.
             The game lasted 01:05:46 (19370 turns).

Monkooky the Zephyrmancer (Felid Air Elementalist) Turns: 19370, Time: 01:05:47

Health: -14/50     AC:  3    Str:  4    XL:     11   Next: 37%
Magic:  0/23       EV: 23    Int: 34    God:    Vehumet [****..]
Gold:   390        SH:  0    Dex: 16    Spells: 6/25 levels left
                                        Lives:  0   Deaths: 2

rFire   . . .      SeeInvis +    (weapon unavailable)
rCold   + . .      Faith    .    (shield unavailable)
rNeg    . . .      Spirit   +    (body armour unavailable)
rPois   .          Reflect  .    (helmet unavailable)
rElec   .          Rampage  .    (cloak unavailable)
rCorr   .                        (gloves unavailable)
Will    +....                    (boots unavailable)
Stlth   ++++                     y - amulet of guardian spirit
HPRegen 0.28/turn                i - +6 ring of intelligence
MPRegen 0.18/turn                v - +6 ring of intelligence

@: quick
A: very small, claws 1, fangs 3, see invisible, speed 1, shaggy fur 3, stealthy
paws, no weapons or thrown items, no armour, multi-lived
a: Renounce Religion


You were on level 3 of the Lair of Beasts.
You worshipped Vehumet.
Vehumet was greatly pleased with you.
You visited 2 branches of the dungeon, and saw 12 of its levels.
You also visited: Ossuary, Bailey and Volcano.

You collected 1116 gold pieces.
You spent 726 gold pieces at shops.

Inventory:

Jewellery
 i - a +6 ring of intelligence (left paw)
 v - a +6 ring of intelligence (right paw)
 x - a ring of poison resistance
 y - an amulet of guardian spirit (around neck)
Wands
 c - a wand of charming (18)
 u - a wand of flame (5)
Scrolls
 b - 7 scrolls of teleportation
 d - 2 scrolls of vulnerability
 f - 4 scrolls of fog
 h - 3 scrolls of blinking
 m - a scroll of silence
 n - 3 scrolls of fear
 o - a scroll of magic mapping
 p - a scroll of poison
 q - 2 scrolls of immolation
Potions
 a - 3 potions of magic
 e - 11 potions of curing
 g - 8 potions of brilliance
 j - 2 potions of degeneration {unknown}
 k - 3 potions of attraction {unknown}
 l - 2 potions of mutation {unknown}
 r - 4 potions of heal wounds {unknown}
 t - a potion of cancellation
 w - 2 potions of might
 z - 5 potions of haste {unknown}
 A - a potion of flight {unknown}
 B - 2 potions of lignification {unknown}
 C - a potion of invisibility {unknown}
Miscellaneous
 s - a phial of floods (inert)


   Skills:
 - Level 7.0 Fighting
 - Level 9.7 Dodging
 - Level 7.0 Stealth
 - Level 7.8 Spellcasting
 - Level 9.5 Conjurations
 * Level 8.3 Translocations
 - Level 10.8 Air Magic
 - Level 1.4 Poison Magic
 - Level 8.3 Evocations


You had 6 spell levels left.
You knew the following spells:

 Your Spells              Type           Power      Damage    Failure   Level
a - Shock                 Conj/Air       100%       1d9       1%          1
b - Static Discharge      Conj/Air       100%       2-7/arc   1%          2
c - Airstrike             Air            36%        2d(6-22)  1%          4
d - Mephitic Cloud        Conj/Pois/Air  58%        N/A       1%          3
e - Arcjolt               Conj/Air       35%        1d45      1%          5
f - Passage of Golubria   Tloc           63%        N/A       1%          4

Your spell library contained the following spells:

 Spells                   Type           Power      Damage    Failure   Level
 Ozocubu's Refrigeration  Ice            6%         4d8       99%         7
 Scorch                   Fire           26%        2d6       1%          2
 Swiftness                Air            72%        N/A       1%          3
 Flame Wave               Conj/Fire      46%        2d12      1%          4
 Beastly Appendage        Tmut           26%        N/A       3%          1
 Wereblood                Tmut           13%        N/A       4%          2
 Spider Form              Tmut/Pois      18%        N/A       8%          3
 Silence                  Hex/Air        25%        N/A       10%         5
 Summon Cactus Giant      Summ           6%         N/A       99%         6
 Lehudib's Crystal Spear  Conj/Erth      23%        10d6      99%         8


Dungeon Overview and Level Annotations

Branches:
Dungeon (9/15)             Temple (0/1) D:4            Lair (3/5) D:8
  Swamp (0/4) Lair:2       Spider (0/4) Lair:3      Ossuary (visited)
 Bailey (visited)         Volcano (visited)
    Orc: D:9-12

Altars:
Cheibriados
Fedhas
Gozag
Hepliaklqana
Makhleb
Nemelex Xobeh
Okawaru
Ru
Trog
Uskayaw
Vehumet
Wu Jian
Xom
Yredelemnul
Zin

Shops:
D:4 =

Annotations:
D:3 exclusion: downstairs
D:4 1 runed translucent door, exclusion: downstairs, Crazy Yiuf
D:8 exclusion: 2 downstairs
D:9 3 runed translucent doors, Harold; soul19's ghost, novice DsFi
Lair:1 1 runed translucent door, exclusion: downstairs, Rudyous's ghost, journeyman GnFE


Innate Abilities, Weirdness & Mutations

You have sharp claws.
You have razor-sharp teeth.
You have supernaturally acute eyesight. (SInv)
You cover ground quickly. (Speed+)
Your thick and shaggy fur keeps you warm. (AC +3, rC+)
Your paws help you pounce on unaware monsters.
You are incapable of wielding weapons or throwing items.
You cannot wear armour.
You gain extra lives every three experience levels.


Message History

The blink frog is almost dead.
The blink frog hits you but does no damage.
You closely miss the blink frog. Your bite misses the blink frog.
The blink frog is almost dead.
The blink frog blinks! x2
You closely miss the blink frog. The blink frog hits you!
The blink frog blinks! x2
The blink frog blinks!
The blink frog blinks! x2
The blink frog blinks!
The blink frog blinks!
You scratch the blink frog.
The blink frog is almost dead.
The blink frog closely misses you.
Casting: Airstrike (safe; 1% risk of failure)
Confirm with . or Enter, or press ? or * to list all spells.
The blink frog is struck by an arc of lightning!
The blink frog is moderately wounded.
The blink frog is struck by an arc of lightning.
The blink frog is almost dead.
You are struck by an arc of lightning.
The blink frog is struck by an arc of lightning.
You kill the blink frog!
Vehumet accepts your kill.
You feel your power returning.
The lightning grounds out.
The blink frog hits you. The blink frog barely misses you.
You see here a blink frog corpse.
The blink frog attacks as you move away!
The blink frog hits you! x2
* * * LOW HITPOINT WARNING * * *
There is a stone staircase leading up here.
The blink frog attacks as you move away!
The blink frog completely misses you.
The blink frog attacks as you move away!
The blink frog hits you!
* * * LOW HITPOINT WARNING * * *
Unknown command.
The blink frog hits you!
You die...

### ## ####### ### ### ###.# #
.#####..##.#######.###.####..####
...†.............................
.................................
......<........F@................
.................................
.................................
.................................
.................................
.................................
####..P#P..##.#.##P########.####.
# ###########.##### #.## ## ##
### ## ####.


You could see a blink frog.

Vanquished Creatures
  An orc warlord (Bailey)
  A fire dragon (Volcano)
  A two-headed ogre (D:9)
  A pharaoh ant (Lair:3)
  A swamp dragon (Lair:2)
  Pikel (D:7)
  2 orc knights (Bailey)
  3 salamanders (Volcano)
  A black mamba (Lair:3)
  2 torpor snails
  3 cane toads
  A rime drake (Lair:2)
  12 komodo dragons
  A tarantella (Lair:3)
  6 blink frogs
  A jumping spider (Lair:3)
  6 fire bats (Volcano)
  8 wyverns
  25 yaks
  5 steam dragons (Volcano)
  A redback (Lair:3)
  4 water moccasins
  2 hell hounds (Lair:3)
  12 orc warriors
  2 ice beasts
  2 black bears
  3 sky beasts
  6 ogres
  A centaur (D:5)
  2 phantoms (D:5)
  11 bullfrogs
  3 kobold brigands
  9 scorpions
  6 wights (D:8)
  3 killer bees (D:8)
  An electric eel (Lair:2)
  A gnoll bouda (D:5)
  A human zombie (Ossuary)
  A jelly (D:6)
  3 hounds
  3 orc priests
  7 iguanas
  3 orc wizards
  2 hound zombies (Ossuary)
  4 mummies (Ossuary)
  9 gnolls
  A river rat (Lair:2)
  5 adders
  A shadow imp (D:6)
  2 white imps
  An ufetubus (D:7)
  2 adder zombies (Ossuary)
  3 worms
  A dart slug (D:2)
  32 orcs
  6 ball pythons
  9 endoplasms
  2 giant cockroaches
  11 goblins
  9 hobgoblins
  5 jackals
  2 quokkas
  7 bats
  3 frilled lizards
  2 gnoll zombies (Ossuary)
  A goblin zombie (Ossuary)
  2 jackal zombies (Ossuary)
  21 kobolds
  A kobold zombie (Ossuary)
  An orc zombie (Ossuary)
  2 quokka zombies (D:5)
  6 rats
322 creatures vanquished.

Vanquished Creatures (collateral kills)
  An orc warrior (Bailey)
  2 gnolls (Bailey)
  An orc (Bailey)
  2 hobgoblins (Bailey)
  4 goblins (Bailey)
10 creatures vanquished.

Vanquished Creatures (others)
  A wyvern (Volcano)
  A gnoll (Bailey)
  17 fungi
  146 plants
  2 withered plants (Lair:1)
167 creatures vanquished.

Grand Total: 499 creatures vanquished

Notes
Turn   | Place    | Note
-------+----------+-------------------------------------------
     0 | D:1      | Monkooky the Felid Air Elementalist began the quest for the
                  | Orb.
     0 | D:1      | Reached XP level 1. HP: 7/7 MP: 4/4
    36 | D:1      | Reached skill level 1 in Conjurations
   253 | D:1      | Reached XP level 2. HP: 9/11 MP: 1/6
   352 | D:1      | Learned a level 2 spell: Static Discharge
   807 | D:1      | Reached XP level 3. HP: 14/14 MP: 5/7
  1266 | D:2      | Reached skill level 3 in Air Magic
  2502 | D:3      | Reached XP level 4. HP: 18/18 MP: 6/8
  2695 | D:3      | Found a glowing silver altar of Zin.
  2926 | D:3      | Learned a level 4 spell: Airstrike
  2971 | D:4      | Found Olaipa's Jewellery Shoppe.
  3170 | D:4      | Found a radiant altar of Vehumet.
  3171 | D:4      | Found a sacrificial altar of Ru.
  3171 | D:4      | Found a shimmering altar of Xom.
  3173 | D:4      | Found a bloodstained altar of Trog.
  3173 | D:4      | Found a hazy altar of Hepliaklqana.
  3175 | D:4      | Found a basalt altar of Yredelemnul.
  3175 | D:4      | Found an iron altar of Okawaru.
  3177 | D:4      | Found a blossoming altar of Fedhas.
  3185 | D:4      | Became a worshipper of Vehumet
  3275 | D:4      | Found a runed translucent door.
  3276 | D:4      | Noticed Crazy Yiuf
  3481 | D:4      | Found a staircase to the Ecumenical Temple.
  3486 | D:4      | Noticed an ogre
  3498 | D:4      | Killed an ogre
  3499 | D:4      | Reached skill level 4 in Air Magic
  3499 | D:4      | Reached XP level 5. HP: 21/21 MP: 0/9
  3801 | D:3      | Reached skill level 5 in Air Magic
  4006 | D:5      | Entered Level 5 of the Dungeon
  4021 | D:5      | Noticed a centaur
  4040 | D:5      | Killed a centaur
  4041 | D:5      | Gained mutation: You are covered in thick fur. (AC +2)
                  | [Felid growth]
  4041 | D:5      | Reached XP level 6. HP: 21/24 MP: 5/10
  4425 | D:5      | Reached skill level 6 in Air Magic
  4566 | D:5      | Noticed an ice beast
  4679 | D:5      | Found a sand-covered staircase.
  4686 | Ossuary  | Entered an ossuary
  4699 | Ossuary  | Reached * piety under Vehumet
  4699 | Ossuary  | Offered knowledge of Kiss of Death by Vehumet.
  4795 | Ossuary  | Reached XP level 7. HP: 23/27 MP: 0/11
  5127 | Ossuary  | Reached skill level 7 in Air Magic
  6098 | D:5      | Reached XP level 8. HP: 26/31 MP: 0/14
  6500 | D:5      | Reached skill level 8 in Air Magic
  6552 | D:6      | Offered knowledge of Magic Dart by Vehumet.
  6552 | D:6      | Reached ** piety under Vehumet
  6900 | D:6      | Reached skill level 5 in Spellcasting
  7636 | D:6      | Reached skill level 9 in Air Magic
  7798 | D:6      | Reached skill level 1 in Fighting
  7798 | D:6      | Reached XP level 9. HP: 35/35 MP: 14/19
  7858 | D:6      | Found a burning altar of Makhleb.
  7858 | D:6      | Found a hide-covered altar of Uskayaw.
  8057 | D:4      | Bought a +6 ring of intelligence for 396 gold pieces
  8306 | D:7      | Found a flagged portal.
  8316 | Bailey   | Entered a bailey
  8457 | Bailey   | Offered knowledge of Momentum Strike by Vehumet.
  8606 | Bailey   | Noticed an orc knight
  8717 | Bailey   | Reached *** piety under Vehumet
  8736 | Bailey   | Killed an orc knight
  8866 | Bailey   | Noticed an orc knight
  8880 | Bailey   | Reached skill level 1 in Evocations
  9276 | Bailey   | Killed an orc knight
  9611 | Bailey   | Offered knowledge of Mephitic Cloud by Vehumet.
  9616 | Bailey   | Learned a level 3 spell: Mephitic Cloud
  9712 | Bailey   | Reached XP level 10. HP: 42/42 MP: 8/20
  9885 | Bailey   | Noticed an orc warlord
 10020 | Bailey   | Killed an orc warlord
 10119 | D:7      | Noticed Pikel
 10125 | D:7      | Killed Pikel
 10413 | D:7      | Reached skill level 10 in Air Magic
 11022 | D:8      | Reached skill level 1 in Poison Magic
 11321 | D:8      | Reached **** piety under Vehumet
 11427 | D:8      | Offered knowledge of Arcjolt by Vehumet.
 11428 | D:8      | Reached skill level 5 in Stealth
 11434 | D:8      | Learned a level 5 spell: Arcjolt
 11577 | D:8      | Reached skill level 5 in Conjurations
 11815 | D:8      | Found an ornate altar of the Wu Jian Council.
 11844 | D:8      | Found a snail-covered altar of Cheibriados.
 11887 | D:8      | Reached XP level 11. HP: 38/45 MP: 5/23
 12013 | D:8      | Gained mutation: Your thick and shaggy fur keeps you warm.
                  | (AC +3, rC+) [Felid growth]
 12013 | D:8      | Reached XP level 12. HP: 49/49 MP: 24/24
 12064 | D:8      | Found an opulent altar of Gozag.
 12258 | D:8      | Found a staircase to the Lair.
 12439 | D:9      | Noticed a two-headed ogre
 12439 | D:9      | Found a runed translucent gate.
 12439 | D:9      | Found a runed translucent gate.
 12439 | D:9      | Found a runed translucent gate.
 12450 | D:9      | Noticed soul19's ghost (novice DsFi)
 12451 | D:9      | Killed a two-headed ogre
 12455 | D:9      | Noticed a two-headed ogre
 12622 | D:9      | Noticed Harold
 12716 | Lair:1   | Entered Level 1 of the Lair of Beasts
 12967 | Lair:1   | Found a sparkling altar of Nemelex Xobeh.
 13370 | Lair:1   | Reached ***** piety under Vehumet
 13382 | Lair:1   | Offered knowledge of Fulminant Prism by Vehumet.
 13785 | Lair:1   | Found a runed translucent door.
 13785 | Lair:1   | Noticed Rudyous's ghost (journeyman GnFE)
 14887 | Lair:2   | Reached skill level 5 in Evocations
 15787 | Lair:2   | Found a staircase to the Swamp.
 16468 | Lair:3   | Found a hole to the Spider Nest.
 16647 | Lair:3   | Found a dark tunnel.
 16752 | Volcano  | Entered a volcano
 17206 | Volcano  | Reached XP level 13. HP: 57/57 MP: 15/25
 17264 | Volcano  | Learned a level 4 spell: Passage of Golubria
 18131 | Volcano  | Reached skill level 5 in Translocations
 18203 | Volcano  | Noticed a fire dragon
 18484 | Volcano  | Offered knowledge of Ozocubu's Refrigeration by Vehumet.
 18758 | Volcano  | Killed from afar by a fire dragon
 18759 | Volcano  | Reached XP level 12. HP: -1/54 MP: 9/24
 18843 | Volcano  | Killed from afar by a fire dragon
 18844 | Volcano  | Reached XP level 11. HP: 0/50 MP: 8/23
 18876 | Volcano  | Killed a fire dragon
 19114 | D:4      | Bought an amulet of guardian spirit for 330 gold pieces
 19368 | Lair:3   | HP: 1/50 [blink frog (12)]
 19370 | Lair:3   | Demolished by a blink frog

Illustrated notes

Levels and vault maps discovered:
D:1:      dpeg_arrival_round_a, layout_rooms
D:2:      layout_basic
D:3:      layout_loops_ring, zin_scriptorium
D:4:      layout_rooms, grunt_temple_overflow_open, minmay_temple_entry_waves,
          serial_shops, nicolae_inconvenience_store, uniq_crazy_yiuf_cottage
D:5:      layout_cave_pools, enter_ossuary_4, cheibrodos_sewer_entry_bend,
          kennysheep_small_circle
D:6:      layout_cave_pools, gammafunk_temple_overflow_elements,
          item_on_display_a
D:7:      layout_basic, enter_bailey_2, uniq_pikel
D:8:      layout_rooms, slow_altar_1, kennysheep_mini_moat, lemuel_tele_altar,
          grunt_lair_entry_orc_guard_hut
D:9:      layout_cave_pools, gammafunk_ghost_spectres, minmay_crystal_water,
          uniq_harold
Lair:1:   layout_long_grid, gammafunk_ghost_grave, basic_altar
Lair:2:   layout_cave_pods, minmay_swamp_entry_reptiles, pond,
          infiniplex_staircase_pool_2, serial_bayou_shore_a, grunt_megastairs_3,
          lemuel_fruit_tree
Lair:3:   cheibrodos_lair_overgrown_chateau, layout_big_grid,
          nicolae_spider_entry_lesser_pyramids, enter_volcano_3

Skill      XL: |  1  2  3  4  5  6  7  8  9 10 11 12 13 |
---------------+----------------------------------------+-----
Conjurations   | 1 2 3 5 7 9 |  9.5
Stealth        | 3 7 |  7.0
Air Magic      | 3 4 5 6 7 9 10 | 10.8
Spellcasting   | 3 6 7 |  7.8
Dodging        | 3 6 9 |  9.7
Fighting       | 1 3 6 7 |  7.0
Evocations     | 4 8 |  8.3
Poison Magic   | 1 |  1.4
Translocations | 8 7 |  8.3

Action                     |  1- 3 |  4- 6 |  7- 9 | 10-12 | 13-15 || total
---------------------------+-------+-------+-------+-------+-------++-------
  Melee: Unarmed           |    38 |     6 |    15 |    33 |    15 ||   107
         Bite              |     1 |     1 |     3 |     9 |     4 ||    18
   Cast: Shock             |    98 |    36 |    65 |    17 |     1 ||   217
         Static Discharge  |     5 |     6 |    10 |     9 |     1 ||    31
         Airstrike         |       |    24 |   103 |   216 |    43 ||   386
         Mephitic Cloud    |       |       |       |    13 |     6 ||    19
         Arcjolt           |       |       |       |    18 |     6 ||    24
         Passage of Golubr |       |       |       |     2 |     6 ||     8
  Evoke: Wand              |       |       |     4 |     1 |       ||     5
         Phial of floods   |       |       |       |       |     1 ||     1
    Use: Scroll            |     4 |     4 |     3 |     5 |     1 ||    17
         Potion            |       |     1 |       |     2 |       ||     3
   Stab: Sleeping          |     1 |       |     1 |       |       ||     2
 Armour: Skin              |     3 |     6 |       |     3 |       ||    12
  Dodge: Dodged            |    46 |    36 |    39 |    42 |    11 ||   174

Table legend: (Time is in decaauts)
 A = Elapsed time spent in this place.
 B = Non-inter-level travel time spent in this place.
 C = Inter-level travel time spent in this place.
 D = Time resting spent in this place.
 E = Time spent auto-exploring this place.
 F = Levels seen in this place.
 G = Mean time per level.
                   A        B        C        D        E       F      G
               +--------+--------+--------+--------+--------+-----+--------+
         Total |  17570 |  16700 |    870 |   3872 |   9187 |  15 | 1171.3 |
       Dungeon |   9446 |   8803 |    643 |   1607 |   5719 |   9 | 1049.6 |
          Lair |   3899 |   3672 |    227 |    486 |   2586 |   3 | 1299.7 |
       Ossuary |    575 |    575 |      0 |      0 |    157 |   1 |  575.0 |
        Bailey |   1628 |   1628 |      0 |    742 |    287 |   1 | 1628.0 |
       Volcano |   2021 |   2021 |      0 |   1036 |    437 |   1 | 2021.0 |
               +--------+--------+--------+--------+--------+-----+--------+

Top non-repeatable levels by time:
 Volcano: 2021 daAuts
  Lair:2: 1779 daAuts
     D:4: 1705 daAuts
  Bailey: 1628 daAuts
  Lair:1: 1574 daAuts
     D:8: 1499 daAuts
     D:5: 1283 daAuts
     D:6: 1064 daAuts
     D:7: 1027 daAuts
     D:3: 981 daAuts
     D:2: 942 daAuts
     D:1: 906 daAuts
 Ossuary: 575 daAuts
  Lair:3: 544 daAuts
     D:9: 35 daAuts
